 Dungeon Crawl Stone Soup version 0.28-a0-1235-g7c8fac35f0 (webtiles) character file.

Game seed: 7786019530435898791

1925 r3xj the Fighter (level 8, -3/77 HPs)
             Began as a Minotaur Fighter on Dec 25, 2021.
             Was a Believer of Okawaru.
             Shot with an arrow by a centaur warrior (14 damage)
             ... on level 8 of the Dungeon.
             The game lasted 00:15:03 (6297 turns).

r3xj the Fighter (Minotaur Fighter)                 Turns: 6297, Time: 00:15:04

Health: -3/77      AC: 10    Str: 22    XL:     8   Next: 96%
Magic:  11/11      EV:  9    Int:  5    God:    Okawaru [**....]
Gold:   212        SH:  4    Dex: 11    Spells: 7/7 levels left

rFire   . . .      SeeInvis .   a - +0 flail
rCold   + . .      Faith    .   c - +0 buckler
rNeg    . . .      Spirit   .   b - +0 scale mail
rPois   .          Reflect  .   (helmet restricted)
rElec   .          Harm     .   F - scarf {repulsion}
rCorr   .          Rampage  .   (no gloves)
Will    .....                   n - +2 pair of boots
Stlth   ..........              s - amulet of regeneration
HPRegen 1.02/turn               y - ring of protection from cold
MPRegen 0.12/turn               i - ring of flight

@: flying, repel missiles
A: horns 2, retaliatory headbutt
a: Renounce Religion, Heroism


You were on level 8 of the Dungeon.
You worshipped Okawaru.
Okawaru was pleased with you.
You visited 2 branches of the dungeon, and saw 9 of its levels.

You collected 332 gold pieces.
You spent 120 gold pieces at shops.

Inventory:

Hand Weapons
 a - a +0 flail (weapon)
Missiles
 l - 37 poisoned darts (quivered)
Armour
 b - a +0 scale mail (worn)
 c - a +0 buckler (worn)
 n - a +2 pair of boots (worn)
 F - a scarf of repulsion (worn)
Jewellery
 h - a ring of resist corrosion
 i - a ring of flight (right hand)
 s - an amulet of regeneration (around neck)
 y - a ring of protection from cold (left hand)
 H - a +4 ring of evasion
Wands
 r - a wand of digging (5)
 t - a wand of flame (68)
 E - a wand of polymorph (9)
 I - a wand of iceblast (9)
Scrolls
 e - 3 scrolls of fear
 k - a scroll of vulnerability {unknown}
 o - 4 scrolls of teleportation {unknown}
 p - a scroll of noise {unknown}
 q - 6 scrolls of identify {unknown}
 v - a scroll of amnesia {unknown}
 w - 3 scrolls of enchant weapon {unknown}
 D - 2 scrolls of enchant armour {unknown}
 G - 4 scrolls of immolation {unknown}
 J - a scroll of magic mapping {unknown}
 K - a scroll of silence {unknown}
 L - a scroll of fog {unknown}
Potions
 d - 2 potions of might
 f - 6 potions of curing
 g - 2 potions of degeneration {unknown}
 j - 2 potions of haste
 m - 3 potions of lignification {unknown}
 u - 3 potions of mutation {unknown}
 x - a potion of heal wounds
 z - a potion of brilliance
 A - a potion of resistance {unknown}
 B - a potion of invisibility {unknown}
 C - a potion of flight {unknown}


   Skills:
 + Level 8.9 Fighting
 + Level 8.5 Maces & Flails
 - Level 4.3 Armour
 - Level 4.3 Shields
 + Level 5.8 Invocations


You had 7 spell levels left.
You didn't know any spells.
Your spell library contained the following spells:

 Spells                   Type           Power      Damage    Failure   Level
 Magic Dart               Conj           0%         1d3       80%         1
 Pain                     Necr           0%         1d4       80%         1
 Passwall                 Tmut/Erth      0%         N/A       90%         2
 Searing Ray              Conj           0%         2d4       90%         2
 Conjure Flame            Conj/Fire      0%         6-21      99%         3
 Swiftness                Air            0%         N/A       99%         3
 Vampiric Draining        Necr           0%         2d6       99%         3
 Flame Wave               Conj/Fire      0%         2d4       100%        4
 Orb of Destruction       Conj           0%         N/A       100%        7
 Animate Skeleton         Necr           Unusable   N/A       N/A         1

Dungeon Overview and Level Annotations

Branches:
Dungeon (8/15)             Temple (1/1) D:4
   Lair: D:8-11

Altars:
Ashenzari
Dithmenos
Elyvilon
Fedhas
Gozag
Hepliaklqana
Kikubaaqudgha
Makhleb
Nemelex Xobeh
Okawaru
Qazlal
Ru
Sif Muna
Trog
Uskayaw
Vehumet
Wu Jian
Xom
Yredelemnul
Zin
The Shining One

Shops:
D:4 !   D:6 (


Innate Abilities, Weirdness & Mutations

You have a pair of horns on your head.
You reflexively headbutt those who attack you in melee.


Message History

You are too injured to fight recklessly!
You are too injured to fight recklessly!
You barely miss the orc. The orc hits you but does no damage.
The orc closely misses you. You furiously retaliate!
You headbutt the orc!
You kill the orc!
Okawaru accepts your kill.
You sock the orc!
You kill the orc!
Okawaru accepts your kill.
Magic restored.
You feel like a meek peon again.
HP restored.
Things that are here:
a +0 flail; 3 boomerangs; an orc corpse A centaur warrior comes into view.
The centaur warrior shouts!
The centaur warrior wields a +0 shortbow.
The centaur warrior shoots an arrow.
The arrow hits you!
You hear a shout!
A centaur warrior is nearby!
A centaur warrior is nearby!
A centaur warrior is nearby!
A centaur warrior is nearby!
A centaur warrior is nearby!
The centaur warrior shoots an arrow.
The arrow hits you.
The centaur warrior shoots an arrow.
The arrow barely misses you.
The centaur warrior shoots an arrow.
The arrow hits you!
There is a stone staircase leading down here.
The centaur warrior shoots an arrow.
The arrow hits you!!
You see here a +0 club.
Items here: ))) [[ †††.
The centaur warrior shoots an arrow.
The arrow hits you!
* * * LOW HITPOINT WARNING * * *
The centaur warrior shoots an arrow.
The arrow hits you!
* * * LOW HITPOINT WARNING * * *
The centaur warrior shoots an arrow.
You block the arrow.
The centaur warrior shoots an arrow.
The arrow barely misses you.
The centaur warrior shoots an arrow.
The arrow misses you.
The centaur warrior shoots an arrow.
The arrow hits you!
You die...

#.# #.# ..
##....# #.#
#c.#.....#
#.#
..#.....#
#.# .......#
#####.#
#.....#
#.....#
#.....#
#.#####
#....# #@#
########..#
#.#
..........#
#.#
.......c..#
#.#
########..#
#.# #.## #.#
#..# #.#
#..# #c#
#########..#
##)###


You could see a centaur warrior.

Vanquished Creatures
  A steam dragon (D:6)
  An orc warrior (D:8)
  2 ice beasts
  2 sky beasts (D:7)
  2 ogres
  A necrophage (D:6)
  Blork the orc (D:6)
  2 bullfrogs
  A scorpion (D:4)
  A water moccasin zombie (D:5)
  A water moccasin skeleton (D:5)
  A howler monkey (D:5)
  A bullfrog zombie (D:7)
  A centaur zombie (D:6)
  2 hounds (D:4)
  2 jellies
  A centaur skeleton (D:5)
  Ijyb (D:4)
  3 iguanas
  3 orc wizards (D:4)
  Natasha (thrice) (D:3)
  A hound zombie (D:5)
  2 hound skeletons (D:4)
  Robin (D:3)
  3 gnolls (D:6)
  A howler monkey skeleton (D:7)
  3 adders
  A shadow imp (D:7)
  2 white imps
  An adder skeleton (D:4)
  2 worms (D:2)
  A dart slug (D:1)
  7 orcs
  6 ball pythons
  6 endoplasms
  2 giant cockroaches
  8 hobgoblins
  7 jackals
  2 quokkas
  2 bats
  2 frilled lizards
  11 goblins (D:3)
  8 kobolds
  3 rats
115 creatures vanquished.

Notes
Turn   | Place    | Note
-------+----------+-------------------------------------------
     0 | D:1      | r3xj the Minotaur Fighter began the quest for the Orb.
     0 | D:1      | Reached XP level 1. HP: 19/19 MP: 0/0
     4 | D:1      | Got the Almanac of Burning Attacks
    55 | D:1      | Reached XP level 2. HP: 27/27 MP: 1/1
   223 | D:1      | Found a faded altar of an unknown god.
   682 | D:2      | Reached XP level 3. HP: 32/33 MP: 2/2
  1411 | D:3      | Noticed Natasha
  1416 | D:3      | Killed Natasha
  1417 | D:3      | Reached XP level 4. HP: 40/40 MP: 3/3
  1528 | D:3      | Noticed Natasha
  1536 | D:3      | Killed Natasha
  1563 | D:3      | Noticed Natasha
  1572 | D:3      | Killed Natasha
  1791 | D:3      | Noticed Robin
  1805 | D:3      | Killed Robin
  1806 | D:3      | Reached skill level 5 in Fighting
  1806 | D:3      | Reached XP level 5. HP: 39/48 MP: 4/4
  2245 | D:3      | Found a glowing golden altar of the Shining One.
  2403 | D:4      | Found a staircase to the Ecumenical Temple.
  2418 | Temple   | Entered the Ecumenical Temple
  2533 | Temple   | Became a worshipper of Warmaster Okawaru
  2593 | D:4      | Reached skill level 1 in Invocations
  2604 | D:4      | Reached XP level 6. HP: 42/57 MP: 4/6
  2610 | D:4      | Reached skill level 5 in Maces & Flails
  2696 | D:4      | Noticed Ijyb
  2704 | D:4      | Killed Ijyb
  3282 | D:4      | Reached * piety under Okawaru
  3560 | D:4      | Found Voisudal's Distillery.
  3564 | D:4      | Bought a potion of heal wounds for 50 gold pieces
  3564 | D:4      | Bought a potion of brilliance for 40 gold pieces
  3564 | D:4      | Bought a potion of curing for 30 gold pieces
  3652 | D:5      | Entered Level 5 of the Dungeon
  3670 | D:5      | Reached XP level 7. HP: 62/64 MP: 7/7
  4050 | D:5      | Found a white marble altar of Elyvilon.
  4381 | D:6      | Noticed Blork the orc
  4387 | D:6      | Killed Blork the orc
  4576 | D:6      | Found Xiucafafek's Weapon Shoppe.
  4595 | D:6      | Reached ** piety under Okawaru
  4676 | D:6      | Reached XP level 8. HP: 69/73 MP: 10/10
  5237 | D:6      | Found a shadowy altar of Dithmenos.
  5754 | D:7      | Reached skill level 5 in Invocations
  6275 | D:8      | Noticed a centaur warrior
  6297 | D:8      | Shot with an arrow by a centaur warrior

Illustrated notes

Levels and vault maps discovered:
D:1:      mrwooster_arrival_statue_3, layout_basic,
          shapermc_ecumenical_altar_gd, minmay_distorted
D:2:      layout_loops_ring
D:3:      layout_loops_ring, nicolae_tso_swordbearing_angel,
          minmay_misc_feat_cross, uniq_natasha, uniq_robin
D:4:      layout_loops_ring, minmay_temple_entry_mini_moons, serial_shops, shop,
          uniq_ijyb
D:5:      layout_cave_pools, nicolae_overflow_crystal_walls,
          kennysheep_generic_room_11
D:6:      layout_layer_cave, grunt_dithmenos_smoke_and_mirrors, serial_shops,
          nicolae_diamond_shop, uniq_blork_the_orc
D:7:      layout_rooms
D:8:      minmay_curly_fans, layout_basic, chequers_serial_rivers_micro_e,
          hangedman_decor_push, chequers_serial_rivers_micro_c, uniq_joseph,
          uniq_grum
Temple:   hc_temple_tempest_star

Skill      XL: |  1  2  3  4  5  6  7  8 |
---------------+-------------------------+-----
Fighting       | 4 5 6 7 8 |  8.9
Shields        | 4 |  4.3
Armour         | 4 |  4.3
Maces & Flails | 3 4 5 7 8 |  8.5
Invocations    | 1 2 4 5 |  5.8

Action                   |  1- 3 |  4- 6 |  7- 9 || total
-------------------------+-------+-------+-------++-------
Melee: Flail             |    64 |   140 |   148 ||   352
       Headbutt          |     8 |    23 |    31 ||    62
Invok: Heroism           |       |       |     1 ||     1
  Use: Scroll            |       |     1 |       ||     1
Armor: Scale mail        |    25 |    82 |    69 ||   176
Dodge: Dodged            |    24 |    60 |    53 ||   137
Block: Buckler           |    12 |    27 |    30 ||    69

Table legend: (Time is in decaauts)
 A = Elapsed time spent in this place.
 B = Non-inter-level travel time spent in this place.
 C = Inter-level travel time spent in this place.
 D = Time resting spent in this place.
 E = Time spent auto-exploring this place.
 F = Levels seen in this place.
 G = Mean time per level.
                   A        B        C        D        E       F      G
               +--------+--------+--------+--------+--------+-----+--------+
         Total |   6354 |   6163 |    191 |    239 |   5045 |   9 |  706.0 |
       Dungeon |   6231 |   6069 |    162 |    239 |   4967 |   8 |  778.9 |
        Temple |    123 |     94 |     29 |      0 |     78 |   1 |  123.0 |
               +--------+--------+--------+--------+--------+-----+--------+

Top non-repeatable levels by time:
     D:6: 1267 daAuts
     D:3: 1238 daAuts
     D:4: 938 daAuts
     D:5: 732 daAuts
     D:2: 728 daAuts
     D:1: 676 daAuts
     D:7: 437 daAuts
     D:8: 211 daAuts
  Temple: 123 daAuts
